 Dungeon Crawl Stone Soup version 0.21.1-1-g345015fe64 (webtiles) character file.

319 afka the Chopper (level 6, -5/51 HPs)
             Began as a Centaur Gladiator on July 31, 2018.
             Killed by divine providence
             ... invoked by an orc priest
              (14 damage)
             ... on level 4 of the Dungeon.
             The game lasted 00:27:40 (3228 turns).

afka the Chopper (Centaur Gladiator)                Turns: 3228, Time: 00:27:40

Health: -5/51      AC:  9    Str: 16 (18) XL:     6   Next: 21%
Magic:  6/6        EV:  5    Int:  7      God:
Gold:   110        SH:  0    Dex:  9 (11) Spells: 5/5 levels left

rFire    . . .     SeeInvis .   H - +0 dire flail (curse)
rCold    . . .     Gourm    .   (shield currently unavailable)
rNeg     . . .     Faith    .   x - +0 chain mail
rPois    .         Spirit   .   c - +0 helmet
rElec    .         Reflect  .   L - +0 cloak
rCorr    .         Harm     .   (no gloves)
MR       .....                  (no barding)
Stlth    ..........             (no amulet)
HPRegen  0.17/turn              (no ring)
MPRegen  0.10/turn              (no ring)

@: very quick
A: large, hooves 3, deformed body, speed 2, tough skin 3
a: no special abilities


You were on level 4 of the Dungeon.
You were not hungry.

You visited 1 branch of the dungeon, and saw 4 of its levels.

You collected 110 gold pieces.

Inventory:

Hand Weapons
 a - a +0 war axe
 d - a +0 club
 e - a +0 dagger
 h - a cursed -3 dagger
 j - a +0 club
 p - a +0 hunting sling
 t - a +0 club
 v - a +0 whip
 w - a +0 club
 y - a +0 club
 A - a +0 short sword
 B - a +2 whip of freezing
 D - a +0 club
 G - a +0 whip
 H - a cursed +0 dire flail (weapon)
 I - a +0 short sword
 J - a +3 flail
 M - a +0 whip
 P - a +0 hunting sling
 Q - a +0 flail
Missiles
 i - 89 sling bullets
 l - 2 poisoned javelins (quivered)
 q - 51 stones
Armour
 b - a +0 leather armour
 c - a +0 helmet (worn)
 g - a +0 leather armour
 r - a +0 scale mail
 u - a +0 ring mail
 x - a +0 chain mail (worn)
 z - a +0 helmet
 C - a +0 helmet
 E - a +0 helmet
 F - a +0 leather armour
 K - a +0 leather armour
 L - a +0 cloak (worn)
 N - a +0 robe
 R - a +0 ring mail
Jewellery
 O - an uncursed ring of see invisible {unknown}
Scrolls
 k - a scroll of immolation {unknown}
 m - 2 scrolls of teleportation
 o - 2 scrolls of amnesia {unknown}
 s - 10 scrolls of identify {unknown}
Potions
 n - a potion of degeneration
Comestibles
 f - 8 rations


   Skills:
 + Level 3.2 Fighting
 + Level 5.0 Axes
 + Level 0.1(3.0) Maces & Flails
 + Level 2.5 Throwing
 + Level 1.0 Armour
 + Level 2.7 Dodging
 + Level 0.2 Stealth


You had 5 spell levels left.
You didn't know any spells.

Dungeon Overview and Level Annotations

Branches:
Dungeon (4/15)
 Temple: D:4-7

Altars:
Qazlal
Trog
Xom


Innate Abilities, Weirdness & Mutations

You have hooves in place of feet.
Armour fits poorly on your strangely shaped body.
You cover ground very quickly.
You have extremely tough skin. (AC +3)


Message History

The orc completely misses you. The orc hits you but does no damage.
An orc priest comes into view. It is wielding a club.
You sock the orc!
You kill the orc!
You hit the orc.
The orc is heavily wounded.
The orc hits you with a falchion.
The orc priest calls down the wrath of Beogh upon you.
Pain shoots through your body!
* * * LOW HITPOINT WARNING * * *
An orc priest comes into view. It is wielding a hand axe.
You closely miss the orc.
You kill the orc!
The adder bites you but does no damage.
You hit the orc priest.
The orc priest is moderately wounded.
The adder barely misses you.
The orc priest calls down the wrath of Beogh upon you.
Beogh smites you!
You die...

#########
#(......#
#.....S.#
#..o.o!@#
....###o#
#.. #o. o
#...
.....
#....#
##.#.#
.#.#


You could see 3 orc priests, an adder and an orc.

Vanquished Creatures
  A phantom (D:2)
  A hound (D:3)
  3 orc priests (D:3)
  2 adders (D:3)
  2 oozes
  5 worms
  2 dart slugs
  9 orcs
  9 bats
  4 giant cockroaches
  4 goblins
  7 hobgoblins
  2 jackals (D:3)
  2 quokkas
  5 frilled lizards
  5 kobolds
  8 rats
71 creatures vanquished.

Notes
Turn   | Place    | Note
-------+----------+-------------------------------------------
     0 | D:1      | afka the Centaur Gladiator began the quest for the Orb.
     0 | D:1      | Reached XP level 1. HP: 17/17 MP: 1/1
    80 | D:1      | Reached XP level 2. HP: 21/24 MP: 2/2
   100 | D:1      | Reached skill level 3 in Axes
   325 | D:1      | Found a bloodstained altar of Trog.
   919 | D:2      | Found a shimmering altar of Xom.
   924 | D:2      | Reached XP level 3. HP: 29/29 MP: 3/3
  1326 | D:2      | Noticed a phantom
  1374 | D:2      | Killed a phantom
  1374 | D:2      | Reached skill level 4 in Axes
  1374 | D:2      | Reached XP level 4. HP: 22/37 MP: 4/4
  1555 | D:2      | Reached XP level 5. HP: 12/42 MP: 5/5
  2137 | D:3      | Reached skill level 1 in Armour
  2272 | D:3      | Found a stormy altar of Qazlal.
  2648 | D:3      | Reached skill level 5 in Axes
  2648 | D:3      | Reached XP level 6. HP: 29/51 MP: 6/6
  3228 | D:4      | Killed from afar by an orc priest

Skill      XL: |  1  2  3  4  5 |
---------------+----------------+-----
Axes           | 3 4 5 |  5.0
Armour         | 1 |  1.0
Fighting       | 3 |  3.2
Maces & Flails | |  0.1
Throwing       | |  2.5
Dodging        | |  2.7
Stealth        | |  0.2

Action                   |  1- 3 |  4- 6 || total
-------------------------+-------+-------++-------
Melee: War axe           |    72 |    49 ||   121
       Kick              |    14 |    18 ||    32
       Dire flail        |       |    47 ||    47
Throw: Throwing net      |     4 |     1 ||     5
  Use: Potion            |     1 |     4 ||     5
       Scroll            |       |     2 ||     2
 Stab: Held in net/web   |     1 |       ||     1
  Eat: Ration            |     1 |     1 ||     2
Armor: Leather armour    |    26 |     2 ||    28
       Chain mail        |       |    80 ||    80
Dodge: Dodged            |    58 |    25 ||    83
